 Dungeon Crawl Stone Soup version 0.17-a0-1711-gc5340a3 (webtiles) character file.

735 kae the Arsonist (level 7, 0/36 HPs)
             Began as a Tengu Fire Elementalist on Aug 22, 2015.
             Slain by a centaur (5 damage)
             ... while paralysed by an orc
             ... on level 4 of the Dungeon.
             The game lasted 00:05:43 (4990 turns).

kae the Arsonist (Tengu Fire Elementalist)          Turns: 4990, Time: 00:05:43

Health: 0/36       AC:  4    Str:  8    XL:     7   Next: 74%
Magic:  3/11       EV:  2    Int: 18    God:
Gold:   178        SH:  0    Dex: 14    Spells: 3 memorised, 4 levels left

rFire  . . .     SeeInvis .     e - +0 whip
rCold  . . .     Clarity  .     a - +0 robe
rNeg   . . .     SustAt   .     (no shield)
rPois  .         Gourm    .     (helmet restricted)
rElec  .         Spirit   .     r - +0 cloak
rCorr  .         Warding  .     n - +0 pair of gloves (curse)
rMut   .         Stasis   .     (boots unavailable)
MR     .....                    (no amulet)
Stlth  ++........               (no ring)
                                (no ring)

@: paralysed, not resistant to hostile enchantments, unstealthy
A: beak, talons 3, able to fly 1
a: Fly


You were on level 4 of the Dungeon.
You were hungry.

You visited 2 branches of the dungeon, and saw 5 of its levels.

You collected 178 gold pieces.

Inventory:

Hand weapons
 e - a +0 whip (weapon)
Armour
 a - a +0 robe (worn)
 n - a cursed +0 pair of gloves (worn)
 r - a +0 cloak (worn)
Jewellery
 q - an uncursed ring of ice
Magical devices
 s - a wand of flame (17)
Scrolls
 h - 4 scrolls of amnesia {unknown}
 i - 3 scrolls of recharging {unknown}
 j - 4 scrolls of identify {unknown}
 m - 2 scrolls of remove curse {unknown}
 o - 3 scrolls of magic mapping {unknown}
Potions
 k - a potion of curing {unknown}
 l - a potion of mutation {unknown}
 t - a potion of heal wounds
 v - a potion of berserk rage {unknown}
Books
 b - a book of Flames

   Spells                             Type                      Level
   a - Flame Tongue                   Conjuration/Fire             1
   b - Throw Flame                    Conjuration/Fire             2
   c - Conjure Flame                  Conjuration/Fire             3
   d - Inner Flame                    Hexes/Fire                   3
   e - Sticky Flame                   Conjuration/Fire             4
   f - Fireball                       Conjuration/Fire             5
 u - a book of the Dragon

   Spells                             Type                      Level
   a - Flame Tongue                   Conjuration/Fire             1
   b - Cause Fear                     Hexes                        4
   c - Bolt of Fire                   Conjuration/Fire             6
   d - Dragon Form                    Transmutation                7
   e - Dragon's Call                  Summoning                    9
Comestibles
 c - 3 bread rations
 d - 2 beef jerkies
 f - a meat ration


   Skills:
 - Level 2.1 Dodging
 - Level 2.0 Stealth
 - Level 2.0 Spellcasting
 - Level 1.3 Conjurations
 + Level 9.6 Fire Magic


You had 4 spell levels left.
You knew the following spells:

 Your Spells              Type           Power        Failure   Level  Hunger
a - Flame Tongue          Conj/Fire      ###..        1%          1    #......
b - Throw Flame           Conj/Fire      ###...       2%          2    ###....
c - Conjure Flame         Conj/Fire      ###.....     6%          3    ###....


Dungeon Overview and Level Annotations

Branches:
Dungeon (4/15)             Temple (1/1) D:4

Altars:
Elyvilon
Fedhas
Kikubaaqudgha
Okawaru
Qazlal
Sif Muna
Trog
Xom
Yredelemnul
Zin

Annotations:
D:4 exclusion: scorpion


Innate Abilities, Weirdness & Mutations

You have a beak for a mouth.
You have claws for feet.
You can fly.


Message History

Press: ? - help, Shift-Dir - straight line, f/p - centaur
Aim: a centaur, wielding a shortbow (almost dead)
The flame tongue hits the adder.
You kill the adder!
The centaur shoots an arrow.
The arrow hits you!
The orc hits you from afar with a trident. 2 orcs come into view.
The centaur unwields an uncursed shortbow.
The centaur barely misses you.
The centaur hits you but does no damage.
Items here: ! ))) ? [[ †† You barely miss the orc.
Your peck misses the orc.
You are feeling hungry.
The orc zaps a wand.
You suddenly lose the ability to move!
The centaur hits you.
A scorpion comes into view.
The centaur hits you!
* * * LOW HITPOINT WARNING * * *
The orc hits you but does no damage. The centaur hits you.
You die...

.≈≈...#......#.#
.≈≈...#....#.#.#
≈≈...##....#.#.####
≈....##.##'#.#.##.#
....##.......#.##.#
...##..........##.#
.###.........#.##.#
.#.#..#.##'#.#(##o#####.#
.#.........#.#.(@c......#
##....#....# ####o.......
...........# #.####..#
..................s..# .#
...........#.#..o.......#
..........##.#.##)##.#.##
...##.....# #. ... .# #
......#...# # #.# #
......'... ...


You could see a centaur, a scorpion and 2 orcs.

Vanquished Creatures
  The ghost of Ajdolov the Cudgeler, an average OgBe of Trog (D:3)
  2 ogres
  A centaur (D:4)
  A scorpion (D:4)
  A centaur skeleton (D:4)
  An orc priest (D:4)
  Jessica (D:3)
  An iguana (D:4)
  2 worker ants
  10 adders
  An ooze (D:2)
  2 worms
  5 giant geckos
  9 orcs
  6 bats
  5 giant cockroaches
  9 goblins
  10 hobgoblins
  2 jackals (D:1)
  2 quokkas
  A ball python (D:3)
  A giant gecko skeleton (D:4)
  2 giant newts
  9 kobolds
  8 rats
93 creatures vanquished.

Notes
Turn   | Place    | Note
--------------------------------------------------------------
     0 | D:1      | kae the Tengu Fire Elementalist began the quest for the Orb.
     0 | D:1      | Reached XP level 1. HP: 10/10 MP: 4/4
   170 | D:1      | Reached XP level 2. HP: 9/15 MP: 1/6
   200 | D:1      | Reached skill level 4 in Fire Magic
   630 | D:1      | Reached XP level 3. HP: 19/19 MP: 2/7
  1301 | D:2      | Reached skill level 5 in Fire Magic
  1611 | D:2      | Reached XP level 4. HP: 10/24 MP: 8/8
  1721 | D:2      | Found a blossoming altar of Fedhas.
  2563 | D:3      | Noticed Jessica
  2567 | D:3      | Killed Jessica
  2567 | D:3      | Reached skill level 6 in Fire Magic
  2567 | D:3      | Gained mutation: You can fly. [Tengu growth]
  2567 | D:3      | Reached XP level 5. HP: 18/28 MP: 4/9
  2752 | D:3      | Noticed Ajdolov's ghost (average OgBe)
  2756 | D:3      | Learned a level 2 spell: Throw Flame
  2760 | D:3      | Learned a level 3 spell: Conjure Flame
  2800 | D:3      | Killed Ajdolov's ghost
  2800 | D:3      | Reached skill level 7 in Fire Magic
  2888 | D:3      | Reached XP level 6. HP: 32/32 MP: 7/10
  3373 | D:3      | Noticed an ogre
  3383 | D:3      | Killed an ogre
  3383 | D:3      | Reached skill level 8 in Fire Magic
  3467 | D:3      | You fall through a shaft!
  3486 | D:4      | Reached XP level 7. HP: 5/36 MP: 4/11
  4301 | D:4      | Reached skill level 9 in Fire Magic
  4473 | D:4      | Found a staircase to the Ecumenical Temple.
  4495 | Temple   | Entered the Ecumenical Temple
  4881 | D:4      | Found a deep blue altar of Sif Muna.
  4989 | D:4      | Paralysed by an orc for 4 turns
  4990 | D:4      | Slain by a centaur

Vault maps used:
D:1:      minmay_arrival_widening_spiral_wide, corexii_item_surrounded_by_moat,
          hex_large
D:2:      nicolae_overflow_hidden_temple
D:3:      uniq_jessica
D:4:      minmay_temple_entry_overgrown, nrook_mini_vaults, tgw_sif
Temple:   jpeg_temple_alley_garden_8

Action                   |  1- 3 |  4- 6 |  7- 9 || total
-------------------------+-------+-------+-------++-------
Melee: Whip              |    43 |    41 |    28 ||   112
       Unarmed           |     3 |       |       ||     3
 Cast: Flame Tongue      |    50 |    69 |    33 ||   152
       Conjure Flame     |       |     2 |       ||     2
       Throw Flame       |       |     3 |    16 ||    19
  Use: Potion            |       |       |     2 ||     2
       Scroll            |       |       |     1 ||     1
 Stab: Sleeping          |     1 |     1 |       ||     2
       Distracted        |       |     1 |       ||     1
  Eat: Chunk             |     2 |     8 |     6 ||    16
